 Dungeon Crawl Stone Soup version 0.25-a0-565-g8875c97ebb (webtiles) character file.

Game seed: 1719882724356520241, levelgen mode: classic

13608 EnegeticOcto the Pandemonic (level 11, -22/106 HPs)
             Began as a Deep Dwarf Fighter on Feb 26, 2020.
             Was a High Priest of Makhleb.
             Annihilated by a titanic slime creature (86 damage)
             ... on level 12 of the Dungeon.
             The game lasted 00:05:27 (8018 turns).

EnegeticOcto the Pandemonic (Deep Dwarf Fighter)    Turns: 8018, Time: 00:05:28

Health: -22/106    AC: 17    Str: 22    XL:     11   Next: 77%
Magic:  8/8        EV: 10    Int: 10    God:    Makhleb [*****.]
Gold:   477        SH: 11    Dex: 12    Spells: 10/10 levels left

rFire    . . .     SeeInvis .   a - +1 war axe
rCold    + . .     Gourm    .   c - +0 kite shield
rNeg     . . .     Faith    .   b - +0 storm dragon scales
rPois    .         Spirit   .   h - +0 helmet
rElec    +         Reflect  .   i - +0 cloak (curse)
rCorr    .         Harm     .   r - +0 pair of gloves
MR       +....                  (no boots)
Stlth    ..........             (no amulet)
HPRegen  0.00/turn              s - ring of protection from cold
MPRegen  0.11/turn              (no ring)

@: non-regenerating
A: damage resistance, heal wounds, sense surroundings 2, no regeneration
a: Heal Wounds, Minor Destruction, Lesser Servant of Makhleb, Major Destruction,
Greater Servant of Makhleb, Renounce Religion


You were on level 12 of the Dungeon.
You worshipped Makhleb.
Makhleb was extremely pleased with you.
You were not hungry.

You visited 2 branches of the dungeon, and saw 13 of its levels.

You collected 477 gold pieces.

Inventory:

Hand Weapons
 a - a +1 war axe (weapon)
Missiles
 x - 3 throwing nets (quivered)
Armour
 b - +0 storm dragon scales (worn)
 c - a +0 kite shield (worn)
 h - a +0 helmet (worn)
 i - a cursed +0 cloak (worn)
 r - a +0 pair of gloves (worn)
Jewellery
 s - a ring of protection from cold (left hand)
 B - a cursed amulet of inaccuracy {unknown}
 D - an uncursed ring of poison resistance
Wands
 y - a wand of flame (14)
 z - a wand of acid (4) {@v1}
Scrolls
 d - a scroll of magic mapping {@r5}
 g - a scroll of remove curse {@r6}
 l - 4 scrolls of teleportation {@r2}
 t - a scroll of immolation {@r4}
 u - a scroll of fear
 w - 3 scrolls of fog
 F - a scroll of blinking {@r3}
Potions
 f - a potion of berserk rage
 j - a potion of lignification {@q7}
 k - 2 potions of might {@q3}
 m - a potion of resistance {@q6}
 n - 2 potions of haste {@q4}
 o - 3 potions of flight
 p - 4 potions of curing {@q1}
 q - a potion of invisibility
 v - a potion of ambrosia
 A - 2 potions of heal wounds {@q2}
 C - a potion of mutation {unknown}
Comestibles
 e - 14 rations
 G - a chunk of flesh


   Skills:
 * Level 9.1 Fighting
 * Level 10.3 Axes
 + Level 7.9 Armour
 + Level 7.0 Dodging
 + Level 7.9 Shields
 * Level 10.7 Invocations


You had 10 spell levels left.
You didn't know any spells.
Your spell library was empty.

Dungeon Overview and Level Annotations

Branches:
Dungeon (12/15)            Temple (1/1) D:5            Lair (0/6) D:9
    Orc (0/2) D:11

Altars:
Cheibriados
Dithmenos
Elyvilon
Fedhas
Hepliaklqana
Makhleb
Nemelex Xobeh
Okawaru
Qazlal
Ru
Sif Muna
Trog
Vehumet
Wu Jian
Xom
Zin
The Shining One

Portals:
Trove: D:12 (give +5 fire dragon scales)

Annotations:
D:4 3 runed translucent doors, louiscrawler's ghost, amateur MfSk
D:10 1 runed translucent door, exclusion: door, Raofor's ghost, novice GnWn


Innate Abilities, Weirdness & Mutations

You are resistant to damage.
You can heal yourself by infusing magical energy.
You passively map the area around you.
You do not regenerate.


Message History

You slice the water moccasin skeleton!!
The water moccasin skeleton is heavily damaged.
You block the water moccasin skeleton's attack.
You slice the water moccasin skeleton!!
You destroy the water moccasin skeleton!
Makhleb accepts your kill.
You feel better.
No target in view!
No target in view!
No target in view!
No target in view!
Eating one of 4 chunks of flesh.
You eat one of the 4 chunks of flesh.
This raw flesh tastes terrible.
Found a portal to a secret trove of treasure.
A kobold comes into view. It is wielding a +0 short sword.
A kobold is nearby!
A kobold is nearby!
A kobold is nearby!
A kobold comes into view.
The kobold shouts! x2; You hear a shout! x2
A kobold comes into view.
It is wielding a +1 short sword of venom.
A kobold comes into view. It is wielding a +0 dagger.
The kobold throws a stone.
The stone hits you but does no damage.
Found a stone staircase leading down.
You see here a stone.
A kobold comes into view. It is quivering 7 poisoned darts.
A kobold comes into view. It is wielding a +0 short sword.
The kobold shouts!
You hear a shout!
The kobold hits you but does no damage.
You slash the kobold!
You kill the kobold!
Makhleb accepts your kill.
You feel better.
The kobold throws a stone.
You block the stone.
A kobold comes into view. It is quivering 4 poisoned darts.
A big kobold comes into view.
The kobold shouts!
The kobold hits you but does no damage.
Things that are here:
a +0 short sword; a kobold corpse You slash the kobold!
You kill the kobold!
Makhleb accepts your kill.
You feel better.
A slime creature comes into view.
You slash the kobold!
You kill the kobold!
Makhleb accepts your kill.
You feel better.
A slime creature comes into view.
You slash the kobold!
You kill the kobold!
Makhleb accepts your kill.
You feel better.
You hit the kobold.
The kobold is severely wounded.
You slash the big kobold!
The big kobold is heavily wounded.
A slime creature comes into view.
You barely miss the big kobold.
The big kobold is heavily wounded.
The big kobold closely misses you.
You closely miss the big kobold.
The big kobold is heavily wounded.
A slime creature comes into view. x2
You barely miss the slime creature.
The slime creature quivers.
Two slime creatures merge to form a large slime creature.
You hit the slime creature.
The slime creature is lightly wounded.
The slime creature misses you.
Two slime creatures merge to form a large slime creature.
You hit the large slime creature.
The large slime creature is lightly wounded.
Some of the chunks of flesh in your inventory have rotted away.
You slice the large slime creature!!
The large slime creature is moderately wounded.
You block the large slime creature's attack.
You hit the large slime creature.
The large slime creature is moderately wounded.
The large slime creature hits you!!
Two slime creatures merge to form a very large slime creature.
You slash the very large slime creature!
The very large slime creature is moderately wounded.
You slash the very large slime creature!
The very large slime creature is moderately wounded.
The very large slime creature hits you but does no damage.
A shadow imp comes into view.
The shadow imp shouts, "Give up, thou bootless pelf-dandling minnow reeky!"
You slash the very large slime creature!
The very large slime creature is moderately wounded.
You block the very large slime creature's attack.
You hit the very large slime creature.
The very large slime creature is moderately wounded.
You block the very large slime creature's attack.
Two slime creatures merge to form a titanic slime creature.
You hit the titanic slime creature.
The titanic slime creature is moderately wounded.
The titanic slime creature hits you!!!!
Ouch! That really hurt!
You die...

* * * ** , , ,, , .# * *
** *** #.# * * #.# #. **
## ##.## #.# ,, .#.. ,
,....###.## * , , .....,
.......... * ,,
,#.5.K######...##.######
, ,
#.>.KJ@..(.............
#...K######...##.#...##
,
#..∩...............#...
,
#....###.##...#...##...
, ,#.
.###.##......###.#. , ,,
# ,..........##.##..#. ,
, .####........##.### ,
, #.....####..### * ,
.........# ##.####


You could see a titanic slime creature, a big kobold, a shadow imp and 2
kobolds.

Vanquished Creatures
  Harold (D:7)
  2 two-headed ogres
  A tengu warrior (D:12)
  An unseen horror (D:10)
  2 ugly things (D:11)
  A cyclops (D:8)
  A centaur zombie (D:10)
  A tengu conjurer (D:12)
  A hornet (D:10)
  A hippogriff (D:9)
  A spriggan (D:10)
  2 wraiths
  14 yaks
  A steam dragon (D:10)
  A hungry ghost (D:12)
  Edmund (D:4)
  An ice beast (D:12)
  An eye of draining (D:10)
  4 orc warriors
  2 sky beasts
  A black bear (D:8)
  5 ogres
  3 phantoms
  9 centaurs
  3 big kobolds
  9 bullfrogs
  A water moccasin skeleton (D:12)
  4 scorpions
  9 killer bees
  9 wights (D:8)
  2 howler monkeys (D:10)
  An electric eel (D:7)
  4 crimson imps
  2 quasits
  A bullfrog skeleton (D:9)
  2 hounds
  6 orc priests
  2 centaur skeletons
  A human zombie (D:10)
  3 jellies
  7 orc wizards
  3 iguanas
  A human skeleton (D:10)
  6 worker ants
  A hound zombie (D:5)
  A hound skeleton (D:4)
  A worker ant zombie (D:8)
  8 adders
  2 shadow imps
  2 adder skeletons (D:4)
  A worm (D:3)
  2 leopard geckos (D:8)
  38 orcs
  3 ball pythons (D:1)
  6 bats
  5 giant cockroaches
  4 goblins
  3 hobgoblins (D:1)
  15 jackals
  2 quokkas
  4 frilled lizards
  A jackal skeleton (D:6)
  20 kobolds
  A quokka skeleton (D:4)
  4 rats
258 creatures vanquished.

Vanquished Creatures (others)
  A quokka (D:8)
1 creature vanquished.

Grand Total: 259 creatures vanquished

Notes
Turn   | Place    | Note
-------+----------+-------------------------------------------
     0 | D:1      | EnegeticOcto the Deep Dwarf Fighter began the quest for the
                  | Orb.
     0 | D:1      | Reached XP level 1. HP: 20/20 MP: 1/1
    58 | D:1      | Reached XP level 2. HP: 27/27 MP: 2/2
   281 | D:1      | Reached XP level 3. HP: 25/34 MP: 3/3
   382 | D:2      | Found a sparkling altar of Nemelex Xobeh.
   416 | D:2      | Reached skill level 1 in Dodging
   607 | D:3      | Found a snail-covered altar of Cheibriados.
   686 | D:4      | Reached XP level 4. HP: 37/42 MP: 4/4
   772 | D:4      | Found a stormy altar of Qazlal.
   819 | D:4      | Noticed a phantom
   865 | D:4      | Killed a phantom
   865 | D:4      | Reached XP level 5. HP: 25/50 MP: 3/3
   870 | D:4      | Got a dazzling ring mail
   881 | D:4      | Identified the cursed +0 ring mail "Gadobonwax" {Dex+7
                  | SInv} (You found it on level 4 of the Dungeon)
   916 | D:4      | Noticed Edmund
   960 | D:4      | Killed Edmund
   960 | D:4      | Reached XP level 6. HP: 44/58 MP: 1/1
   999 | D:4      | Found a sacrificial altar of Ru.
  1141 | D:4      | Found a runed translucent gate.
  1141 | D:4      | Found a runed translucent gate.
  1142 | D:4      | Found a runed translucent gate.
  1142 | D:4      | Noticed louiscrawler's ghost (amateur MfSk)
  1566 | D:5      | Entered Level 5 of the Dungeon
  1575 | D:5      | Reached XP level 7. HP: 37/66 MP: 2/2
  1614 | D:5      | Found a staircase to the Ecumenical Temple.
  1623 | Temple   | Entered the Ecumenical Temple
  1645 | Temple   | Became a worshipper of Makhleb the Destroyer
  1720 | D:5      | Reached skill level 1 in Invocations
  1744 | D:5      | Reached skill level 5 in Axes
  1892 | D:5      | Reached skill level 5 in Fighting
  2017 | D:5      | Found an iron altar of Okawaru.
  2017 | D:5      | Found a blossoming altar of Fedhas.
  2725 | D:6      | Found a hazy altar of Hepliaklqana.
  2844 | D:7      | Reached XP level 8. HP: 73/74 MP: 2/4
  2896 | D:7      | Reached * piety under Makhleb
  2916 | D:7      | Reached skill level 5 in Armour
  2916 | D:7      | Reached skill level 5 in Shields
  3229 | D:7      | Noticed Harold
  3280 | D:7      | Killed Harold
  3280 | D:7      | Reached skill level 5 in Invocations
  3280 | D:7      | Gained mutation: You passively map the area around you.
                  | [Deep Dwarf growth]
  3280 | D:7      | Reached XP level 9. HP: 38/82 MP: 4/7
  3646 | D:8      | Noticed a cyclops
  3650 | D:8      | Found a white marble altar of Elyvilon.
  3665 | D:8      | Killed a cyclops
  3700 | D:8      | Reached ** piety under Makhleb
  3825 | D:8      | Reached skill level 5 in Dodging
  4499 | D:9      | You fall into a shaft and drop 1 floor!
  4499 | D:10     | Entered Level 10 of the Dungeon
  4506 | D:10     | Reached XP level 10. HP: 71/94 MP: 5/5
  4627 | D:9      | Reached *** piety under Makhleb
  5073 | D:9      | Found a staircase to the Lair.
  5080 | D:9      | Noticed a two-headed ogre
  5098 | D:9      | Killed a two-headed ogre
  5287 | D:9      | Found a glowing silver altar of Zin.
  5809 | D:10     | Reached **** piety under Makhleb
  5828 | D:10     | Paralysed by a hornet for 2 turns
  5839 | D:10     | Paralysed by a hornet for 1 turns
  6083 | D:10     | Killed an unseen horror
  6083 | D:10     | Reached XP level 11. HP: 81/103 MP: 5/7
  6123 | D:10     | Found a runed translucent door.
  6126 | D:10     | Noticed Raofor's ghost (novice GnWn)
  6861 | D:11     | Noticed a green ugly thing
  6891 | D:11     | Killed a green ugly thing
  6929 | D:11     | Noticed a two-headed ogre
  6938 | D:11     | Killed a two-headed ogre
  6938 | D:11     | Reached skill level 10 in Invocations
  7206 | D:11     | Found a staircase to the Orcish Mines.
  7679 | D:11     | Noticed a green ugly thing
  7700 | D:11     | Killed a green ugly thing
  7700 | D:11     | Reached skill level 10 in Axes
  7779 | D:12     | Noticed a tengu warrior
  7805 | D:12     | Reached ***** piety under Makhleb
  7853 | D:12     | Killed a tengu warrior
  7994 | D:12     | Found a portal to a secret trove of treasure.
  8018 | D:12     | Annihilated by a titanic slime creature

Levels and vault maps discovered:
D:1:      ncdulo_wetmaze, layout_rooms, minmay_octomino_e4
D:2:      layout_loops_ring, nemelex_xobeh_ov_fountains_minmay,
          overflow_temple_1_default, nicolae_overflow_crystal_walls
D:3:      layout_basic, lemuel_round_altar, lemuel_round_altar, first_ration,
          uniq_sigmund
D:4:      wander_river, layout_basic, lemuel_coloured_pillars_altar,
          grunt_qazlal_clouds, gammafunk_ghost_nasty_kobolds, abandoned_shop,
          uniq_edmund
D:5:      layout_basic, grunt_temple_overflow_open, minmay_temple_entry_slanted
D:6:      layout_cave_pools, lemuel_doored_altar, minmay_misc_feat_hallway
D:7:      layout_loops_ring, hex_medium, minivault_4, uniq_harold
D:8:      layout_basic, elyvilon_altar_4, serial_corexii_hall,
          corexii_hall_statues_deadend, corexii_hall_statues_deadend
D:9:      layout_basic, marbit_many_paths, lair_entry_dummy
D:10:     layout_roguey, gammafunk_ghost_grave, the_bakery,
          lemuel_mausoleum_altar_kikubaaqudgha
D:11:     layout_grid_maze, orc_0_dummy
D:12:     minmay_the_grid_triangle_9x9_recursive_3
          [minmay_the_grid_triangle_9x9_skeleton,
          minmay_the_grid_triangle_9x9_flanged_cone,
          minmay_the_grid_triangle_9x9_sparse_checkered,
          minmay_the_grid_triangle_9x9_prize_insulated,
          minmay_the_grid_triangle_9x9_steps,
          minmay_the_grid_triangle_9x9_alien,
          minmay_the_grid_triangle_9x9_from_above,
          minmay_the_grid_triangle_9x9_odd_lines,
          minmay_the_grid_triangle_9x9_dagger], layout_basic, enter_trove_1,
          nicolae_tso_carved_into_rock
Temple:   eino_wide_crystal_templ

Skill      XL: |  1  2  3  4  5  6  7  8  9 10 11 |
---------------+----------------------------------+-----
Fighting       | 3 4 5 6 7 8 9 |  9.1
Dodging        | 1 2 3 4 5 6 7 |  7.0
Axes           | 3 4 5 6 7 9 10 | 10.3
Armour         | 4 5 6 7 |  7.9
Shields        | 4 5 6 7 |  7.9
Invocations    | 2 5 7 9 10 | 10.7

Action                   |  1- 3 |  4- 6 |  7- 9 | 10-12 || total
-------------------------+-------+-------+-------+-------++-------
Melee: War axe           |   141 |   122 |   386 |   600 ||  1249
 Abil: Heal Wounds       |     1 |     9 |    20 |     5 ||    35
  Use: Scroll            |       |       |    17 |     5 ||    22
  Eat: Chunk             |       |     2 |    11 |    11 ||    24
       Ration            |       |       |       |     1 ||     1
Armor: Scale mail        |    79 |    15 |    30 |       ||   124
       Ring mail         |       |    12 |     3 |       ||    15
       Chain mail        |       |       |    16 |       ||    16
       Storm dragon scal |       |       |   113 |   341 ||   454
Dodge: Dodged            |    60 |    47 |   135 |   243 ||   485
Block: Kite shield       |    87 |    62 |   201 |   377 ||   727

Table legend:
 A = Non-vault XP
 B = Vault XP
 C = Vault XP percentage of total XP
 D = Non-vault monster count
 E = Vault monster count
 F = Vault count percentage of total count
                 A         B        C        D         E       F
            +---------+---------+-------+---------+---------+-------
      Total |   17831 |    1610 |   8.3 |     247 |      11 |   4.3
            +---------+---------+-------+---------+---------+-------
        D:1 |      34 |       7 |  17.1 |      21 |       4 |  16.0
        D:2 |       8 |       0 |   0.0 |       5 |       0 |   0.0
        D:3 |      22 |       0 |   0.0 |       4 |       0 |   0.0
        D:4 |     451 |     164 |  26.7 |      22 |       1 |   4.3
        D:5 |     357 |       0 |   0.0 |      14 |       0 |   0.0
        D:6 |     259 |       0 |   0.0 |       6 |       0 |   0.0
        D:7 |     677 |     965 |  58.8 |      15 |       1 |   6.2
        D:8 |    2394 |       0 |   0.0 |      46 |       0 |   0.0
        D:9 |    3073 |       3 |   0.1 |      40 |       1 |   2.4
       D:10 |    3114 |     291 |   8.5 |      25 |       3 |  10.7
       D:11 |    4957 |       0 |   0.0 |      35 |       0 |   0.0
       D:12 |    2485 |     180 |   6.8 |      14 |       1 |   6.7
            +---------+---------+-------+---------+---------+-------
